AoeStats
← JoNaThAn11l11

Arabia

507561967Analyzed
1v1 RM · 12d ago on Sep 18, 2026· 66m 20s· 2 players
Game mode
Random Map
Map size
Tiny (2 player)
Population
200
Speed
Normal
Resources
Standard
Victory
Conquest
Starting age
Dark Age
Ending age
Imperial Age
RankedLock teamsTeams togetherTeam positionsShared explorationLock speedFull tech treeHidden civsTurbo modeCheats
Victory
Defeat
🇨🇴 Lithuanians · Colombia
817
+17
🇫🇷 Tatars · France
831
-17
JoNaThAn11l11
7:32 Loom
10:25 Feudal Age
10:57 Double-Bit Axe
16:31 Horse Collar
19:37 Wheelbarrow
23:36 Castle Age
22:12 Scale Mail Armor
22:22 Town Watch
26:56 Bow Saw
26:53 Heavy Plow
28:41 Hand Cart
29:20 Stone Mining
29:58 Bloodlines
29:49 Husbandry
30:10 Town Patrol
30:54 Fervor
37:24 Stone Shaft Mining
40:58 Imperial Age
40:19 Forging
40:15 Scale Barding Armor
40:50 Hill Forts
41:36 Iron Casting
41:28 Cavalier
42:55 Ballistics
42:31 Murder Holes
43:57 Two-Man Saw
43:36 Crop Rotation
43:13 Tower Shields
43:57 Chain Barding Armor
43:29 Elite Skirmisher
44:15 Thumb Ring
44:50 Fletching
45:35 Plate Barding Armor
45:01 Padded Archer Armor
45:45 Bodkin Arrow
46:07 Gold Mining
47:30 Light Cavalry
48:44 Winged Hussar
48:54 Pikeman
49:35 Squires
49:38 Halberdier
53:01 Bracer
53:17 Leather Archer Armor
58:31 Chain Mail Armor
58:47 Ring Archer Armor
60:51 Chemistry
60:03 Masonry
60:18 Conscription
SirMcMustard
11:41 Feudal Age
9:58 Loom
11:44 Feudal Age
12:54 Double-Bit Axe
20:42 Scale Mail Armor
20:53 Forging
20:53 Horse Collar
22:21 Bloodlines
23:27 Wheelbarrow
24:16 Scale Barding Armor
27:09 Castle Age
29:31 Bow Saw
29:47 Hand Cart
36:12 Husbandry
36:13 Fletching
36:24 Padded Archer Armor
35:49 Crossbowman
39:42 Chain Barding Armor
39:18 Bodkin Arrow
40:02 Iron Casting
39:42 Leather Archer Armor
42:46 Town Watch
43:17 Heavy Plow
44:07 Ballistics
44:53 Silk Armor
47:40 Imperial Age
46:23 Town Patrol
47:44 Heavy Camel Rider
51:00 Plate Barding Armor
51:25 Blast Furnace
50:26 Bracer
50:57 Ring Archer Armor
50:59 Timurid Siegecraft
53:41 Chemistry
54:52 Heavy Cavalry Archer
55:57 Conscription
61:25 Pikeman
62:08 Squires
63:48 Elite Skirmisher
Connection lost

Rejoining the realm…

Still unreachable

The connection could not be restored.

Session expired

The server has moved on; the page needs a fresh start.